 Dungeon Crawl Stone Soup version 0.25.1-2-g60ff931df9 (webtiles) character file.

Game seed: 16499553128471590482

2015 protoss039 the Thaumaturge (level 9, -3/48 HPs)
             Began as a Deep Elf Earth Elementalist on July 29, 2020.
             Was a Follower of Sif Muna.
             Slain by an orc warrior
             ... wielding a +0 trident
              (24 damage)
             ... on level 6 of the Dungeon.
             The game lasted 00:15:41 (6493 turns).

protoss039 the Thaumaturge (DEEE)                   Turns: 6493, Time: 00:15:42

Health: -3/48      AC:  4    Str:  5    XL:     9   Next: 2%
Magic:  1/25       EV: 13    Int: 24    God:    Sif Muna [*.....]
Gold:   268        SH:  0    Dex: 15    Spells: 13/28 levels left

rFire    . . .     SeeInvis .   o - +1 dagger (venom)
rCold    . . .     Gourm    .   (no shield)
rNeg     . . .     Faith    .   c - +0 robe
rPois    .         Spirit   .   (no helmet)
rElec    .         Reflect  .   i - scarf {+Inv}
rCorr    .         Harm     .   x - +0 pair of gloves
MR       .....                  p - +0 pair of boots
Stlth    ++........             (no amulet)
HPRegen  0.16/turn              (no ring)
MPRegen  0.19/turn              (no ring)

@: no status effects
A: no striking features
a: Channel Magic, Renounce Religion, Evoke Invisibility


You were on level 6 of the Dungeon.
You worshipped Sif Muna.
Sif Muna was aware of your devotion.
You were not hungry.

You visited 2 branches of the dungeon, and saw 7 of its levels.

You collected 268 gold pieces.

Inventory:

Hand Weapons
 o - a +1 dagger of venom (weapon)
Missiles
 b - 105 stones (quivered)
Armour
 c - a +0 robe (worn)
 i - a scarf of invisibility (worn)
 p - a +0 pair of boots (worn)
 x - a +0 pair of gloves (worn)
Jewellery
 a - an uncursed amulet of the acrobat
 u - an uncursed ring of wizardry {unknown}
 w - an uncursed ring of wizardry {unknown}
Wands
 t - a wand of random effects (22)
 v - a wand of flame (17)
Scrolls
 f - 2 scrolls of enchant weapon
 g - 4 scrolls of magic mapping {unknown}
 j - 2 scrolls of remove curse
 l - a scroll of teleportation {unknown}
 m - 3 scrolls of immolation {unknown}
 n - 3 scrolls of blinking {unknown}
 q - a scroll of identify {unknown}
 r - 2 scrolls of enchant armour {unknown}
Potions
 e - 4 potions of curing
 h - 2 potions of might {unknown}
 k - a potion of haste {unknown}
Comestibles
 d - 15 rations
 s - 5 chunks of flesh


   Skills:
 * Level 2.0 Fighting
 - Level 1.1 Short Blades
 - Level 3.0 Dodging
 - Level 3.0 Stealth
 + Level 10.2 Spellcasting
 + Level 2.8 Conjurations
 - Level 1.1 Transmutations
 + Level 8.5 Earth Magic
 * Level 2.8 Invocations


You had 13 spell levels left.
You knew the following spells:

 Your Spells              Type           Power        Failure   Level  Hunger
a - Sandblast             Erth           ######       1%          1    None
b - Passwall              Tmut/Erth      #####...     1%          2    None
c - Stone Arrow           Conj/Erth      #####.       1%          3    None
d - Petrify               Tmut/Erth      #####...     7%          4    #......
e - Lee's Rapid Deconstr  Erth           ######....   4%          5    ####...

Your spell library contained the following spells:

 Spells                   Type           Power        Failure   Level  Hunger


Dungeon Overview and Level Annotations

Branches:
Dungeon (6/15)             Temple (1/1) D:4

Altars:
Ashenzari
Cheibriados
Elyvilon
Fedhas
Gozag
Hepliaklqana
Kikubaaqudgha
Makhleb
Nemelex Xobeh
Okawaru
Qazlal
Ru
Sif Muna
Trog
Vehumet
Wu Jian
Xom
Yredelemnul
Zin
The Shining One

Annotations:
D:3 1 runed translucent door


Message History

The blast of sand hits the iguana.
The iguana is almost dead.
b - 105 stones The iguana bites you.
Casting: Sandblast (safe; 1% risk of failure)
Confirm with . or Enter, or press ? or * to list all spells.
You don't have enough magic to cast that spell.
There are monsters nearby!
Unknown command.
Casting: Sandblast (safe; 1% risk of failure)
Confirm with . or Enter, or press ? or * to list all spells.
Aiming: Stone Arrow (safe; 1% risk of failure)
Press: ? - help, Shift-Dir - straight line, f - orc warrior, p - iguana
Aim: an orc warrior, wielding a +0 trident and wearing a +0 plate armour The stone arrow hits the iguana!
You kill the iguana!
Sif Muna accepts your kill.
The orc warrior hits you from afar with a +0 trident!!
Ouch! That really hurt!
You die...

#....#... #. #....#...
o.. #....#.. ##{.
##########...#.# ..# .
#.......##.....#.o.# .
###.......#......#o.. .
..........#.......###≈≈≈
.
..........+.....@...≈≈≈≈
.
.##.......##........≈≈≈≈
.
.##..>....##...#..###≈≈≈
...............#.#... ≈
........[........#.⌠.#
.................#...#
.##############...###≈.
.##.......# ...... ..
†.......... ##....


You could see an orc warrior and 2 orcs.

Vanquished Creatures
  Grinder (D:5)
  An orc warrior (D:6)
  An ice beast (D:5)
  2 sky beasts (D:5)
  5 ogres
  A centaur (D:5)
  A bullfrog (D:6)
  5 crimson imps
  6 orc priests
  2 hounds
  Ijyb (D:5)
  A centaur skeleton (D:6)
  2 iguanas (D:6)
  6 orc wizards
  A worker ant (D:6)
  8 adders
  2 shadow imps
  2 adder skeletons (D:4)
  2 worms
  2 dart slugs
  5 leopard geckos
  18 orcs
  3 ball pythons
  2 giant cockroaches (D:1)
  6 goblins
  10 hobgoblins
  4 jackals (D:3)
  3 quokkas
  7 bats
  4 frilled lizards
  11 kobolds
  A leopard gecko skeleton (D:4)
  A quokka skeleton (D:4)
  12 rats
139 creatures vanquished.

Notes
Turn   | Place    | Note
-------+----------+-------------------------------------------
     0 | D:1      | protoss039 the Deep Elf Earth Elementalist began the quest
                  | for the Orb.
     0 | D:1      | Reached XP level 1. HP: 10/10 MP: 6/6
   462 | D:1      | Reached XP level 2. HP: 15/15 MP: 8/8
  1008 | D:2      | Reached XP level 3. HP: 19/19 MP: 3/9
  1059 | D:2      | Learned a level 2 spell: Passwall
  1063 | D:2      | Learned a level 3 spell: Stone Arrow
  1140 | D:2      | Found a white marble altar of Elyvilon.
  1190 | D:2      | Reached skill level 1 in Short Blades
  1197 | D:2      | HP: 1/28 [poisoned by an adder]
  1201 | D:2      | Reached skill level 4 in Spellcasting
  1201 | D:2      | Reached XP level 4. HP: 11/24 MP: 3/12
  1724 | D:2      | Found a hazy altar of Hepliaklqana.
  3035 | D:3      | Found a glowing silver altar of Zin.
  3039 | D:3      | Found a runed translucent door.
  3039 | D:3      | Noticed an angel
  3415 | D:4      | Reached skill level 5 in Spellcasting
  3415 | D:4      | Reached XP level 5. HP: 28/28 MP: 10/14
  3528 | D:4      | Reached skill level 5 in Earth Magic
  3570 | D:4      | Found a stormy altar of Qazlal.
  3601 | D:4      | Found an iron altar of Okawaru.
  3603 | D:4      | Found an ornate altar of the Wu Jian Council.
  3604 | D:4      | Found a glowing silver altar of Zin.
  3717 | D:4      | You fall into a shaft and drop 1 floor!
  3717 | D:5      | Entered Level 5 of the Dungeon
  3718 | D:5      | Noticed Grinder
  3718 | D:5      | Noticed a centaur
  3721 | D:5      | Killed a centaur
  3721 | D:5      | Reached XP level 6. HP: 16/32 MP: 11/16
  3722 | D:5      | Paralysed by Grinder for 4 turns
  3730 | D:5      | Killed Grinder
  3730 | D:5      | Reached skill level 6 in Spellcasting
  3781 | D:5      | Noticed a sky beast
  3783 | D:5      | Noticed a sky beast
  3793 | D:5      | Killed a sky beast
  3793 | D:5      | Reached skill level 7 in Spellcasting
  3793 | D:5      | Reached XP level 7. HP: 19/36 MP: 7/19
  4273 | D:5      | Noticed Ijyb
  4283 | D:5      | Killed Ijyb
  4285 | D:5      | Reached skill level 8 in Spellcasting
  4427 | D:5      | Reached skill level 1 in Conjurations
  4703 | D:5      | HP: 1/36 [orc priest/divine providence (17)]
  4955 | D:5      | Found a sparkling altar of Nemelex Xobeh.
  5067 | D:5      | Reached XP level 8. HP: 7/41 MP: 19/22
  5394 | D:5      | Reached skill level 9 in Spellcasting
  5497 | D:4      | Found a staircase to the Ecumenical Temple.
  5508 | Temple   | Entered the Ecumenical Temple
  5515 | Temple   | Became a worshipper of Sif Muna the Loreminder
  5600 | D:4      | Found a shattered altar of Ashenzari.
  5748 | D:4      | Reached skill level 1 in Invocations
  6056 | D:5      | Learned a level 4 spell: Petrify
  6062 | D:5      | Learned a level 5 spell: Lee's Rapid Deconstruction
  6065 | D:6      | Reached skill level 1 in Fighting
  6371 | D:6      | Reached skill level 10 in Spellcasting
  6428 | D:6      | Reached * piety under Sif Muna
  6443 | D:6      | Reached XP level 9. HP: 20/48 MP: 3/25
  6493 | D:6      | Slain by an orc warrior

Illustrated notes

Levels and vault maps discovered:
D:1:      mainiacjoe_arrival_reflecting_pool, layout_basic
D:2:      layout_loops_ring, elyvilon_altar_3, lemuel_coloured_pillars_altar
D:3:      layout_loops_ring, first_ration, lemuel_angel_altar
D:4:      layout_cave_pools, nicolae_overflow_hidden_temple,
          gammafunk_temple_overflow_forgotten, minmay_temple_entry_large_hall,
          grunt_qazlal_sundering
D:5:      minmay_general_purpose_star, layout_loops_ring, basic_altar,
          uniq_ijyb, uniq_grinder
D:6:      layout_gridville, dancing_weapons_uskayaw, gup_sewer_entry_bowl,
          fountainhead, minmay_misc_feat_enclosed
Temple:   cyrus_circular_temple

Skill      XL: |  1  2  3  4  5  6  7  8 |
---------------+-------------------------+-----
Stealth        | 3 |  3.0
Dodging        | 3 |  3.0
Short Blades   | 1 |  1.1
Earth Magic    | 4 5 6 7 8 |  8.5
Spellcasting   | 4 5 7 8 10 | 10.2
Conjurations   | 1 2 |  2.8
Invocations    | 2 |  2.8
Fighting       | 2 |  2.0
Transmutations | |  1.1

Action                   |  1- 3 |  4- 6 |  7- 9 || total
-------------------------+-------+-------+-------++-------
Melee: Dagger            |    41 |    64 |    34 ||   139
       Unarmed           |     1 |       |       ||     1
 Cast: Sandblast         |    34 |    48 |    44 ||   126
       Stone Arrow       |       |     4 |    39 ||    43
       Lee's Rapid Decon |       |       |     4 ||     4
  Use: Potion            |     4 |       |     3 ||     7
       Scroll            |       |     3 |       ||     3
 Stab: Sleeping          |     9 |     6 |     2 ||    17
  Eat: Chunk             |     1 |     8 |     9 ||    18
Armor: Robe              |    20 |     4 |     7 ||    31
       Skin              |     2 |       |       ||     2
Dodge: Dodged            |    62 |    48 |    33 ||   143
